 Dungeon Crawl Stone Soup version 0.29.1-12-g30fa7ad0bf (webtiles) character file.

Game seed: 4988954718178505956

22542 tkbsonic5 the Fighter (level 13, -3/84 HPs)
             Began as a Djinni Necromancer on Jan 8, 2023.
             Was an Elder of Hepliaklqana.
             Slain by a nine-headed hydra (5 damage)
             ... on level 2 of the Lair of Beasts on Jan 14, 2023.
             The game lasted 01:02:33 (12140 turns).

tkbsonic5 the Fighter (Djinni Necromancer)         Turns: 12140, Time: 01:02:34

Health: -3/84      AC: 32    Str: 19    XL:     13   Next: 28%
Gold:   792        EV:  5    Int: 22    God:    Hepliaklqana [****..] SH:  7 Dex: 21

rFire   + + .      SeeInvis +   r - +8 rapier "Killer Bee's Death" {flame, Str+4 Dex+6}
rCold   x . .      Faith    +   o - +0 buckler
rNeg    . . .      Spirit   .   n - +8 orange crystal plate armour {Archmagi, Int+3 Clar}
rPois   ∞          Reflect  .   b - +2 helmet
rElec   .          Harm     .   f - +0 cloak
rCorr   .          Rampage  .   (no gloves)
Will    +....      Archmagi +   (boots unavailable)
Stlth   .......... Clarity  +   u - amulet of faith
HPRegen 0.24/turn               t - ring of see invisible
MPRegen 0.00/turn               j - +6 ring of strength

@: about to teleport, flying
A: reduced essence, sickness immunity, fire resistance 2, cold vulnerability 1,
float, innate caster, HP casting, extra vitality 1
a: Renounce Religion, Recall Ancestor, Ancestor Identity, Transference, Idealise


You were on level 2 of the Lair of Beasts.
You worshipped Hepliaklqana.
Hepliaklqana was greatly pleased with you.
You visited 3 branches of the dungeon, and saw 14 of its levels.

You collected 836 gold pieces.
You spent 44 gold pieces at shops.

Inventory:

Hand Weapons
 h - a +3 flail of holy wrath
 m - the +7 hand axe of Might {protect, Will+ Int+4}
   (You took it off a hobgoblin on level 2 of the Dungeon)

   It grants its wielder temporary protection when it strikes (+7 to AC).
   Int:       It affects your intelligence (+4).
   Will:      It increases your willpower.
 q - a +2 sling of freezing
 r - the +8 rapier "Killer Bee's Death" (weapon) {flame, Str+4 Dex+6}
   (You took it off an orc on level 7 of the Dungeon)

   It burns those it strikes, dealing additional fire damage.
   Str:       It affects your strength (+4).
   Dex:       It affects your dexterity (+6).
Missiles
 x - 2 curare-tipped darts
 C - 11 poisoned darts
Armour
 b - a +2 helmet (worn)
 c - the +1 plate armour of Plasticity {rElec}
   (You found it on level 5 of the Dungeon)

   rElec:     It insulates you from electricity.
 e - a +0 tower shield
 f - a +0 cloak (worn)
 k - a +2 cloak
 n - the +8 orange crystal plate armour (worn) {Archmagi, Int+3 Clar}
   (You took it off a hobgoblin on level 2 of the Dungeon)

   Int:       It affects your intelligence (+3).
   Clar:      It protects you against confusion.
 o - a +0 buckler (worn)
 G - +0 acid dragon scales
Jewellery
 j - a +6 ring of strength (right hand)
 t - a ring of see invisible (left hand)
 u - an amulet of faith (around neck)
 w - an amulet of the acrobat
Wands
 d - a wand of polymorph (5)
 i - a wand of charming (2)
 s - a wand of roots (6)
 I - a wand of flame (12) (quivered)
 J - a wand of acid (3)
Scrolls
 F - 2 scrolls of magic mapping
Potions
 a - 4 potions of lignification
 l - 2 potions of ambrosia
 v - 4 potions of attraction
 A - a potion of cancellation


   Skills:
 * Level 9.4 Fighting
 * Level 3.7 Short Blades
 * Level 7.8 Axes
 * Level 2.5 Ranged Weapons
 + Level 8.7 Armour
 + Level 5.1 Dodging
 - Level 1.5 Stealth
 + Level 8.6 Shields
 - Level 3.7 Spellcasting
 + Level 6.4 Invocations
 + Level 6.3 Evocations


You couldn't memorise any spells.
You knew the following spells:

 Your Spells              Type           Power      Damage    Failure   Level
a - Necrotise             Necr           100%       1d9       99%         1
b - Vampiric Draining     Necr           30%        2d8       100%        3
c - Animate Dead          Necr           30%        N/A       100%        4
d - Agony                 Necr           30%        N/A       100%        5
e - Beastly Appendage     Tmut           60%        N/A       99%         1
f - Wereblood             Tmut           30%        N/A       100%        2
g - Teleport Other        Tloc           30%        N/A       100%        3
h - Summon Ice Beast      Ice/Summ       30%        N/A       100%        4
i - Summon Lightning Spi  Summ/Air       30%        N/A       100%        4
j - Borgnjor's Vile Clut  Necr/Erth      15%        N/A       100%        5
Your spell library was empty.


Dungeon Overview and Level Annotations

Branches:
Dungeon (11/15)            Temple (1/1) D:4            Lair (2/5) D:9
  Swamp: Lair:2-3    Shoals: Lair:2-3     Snake: Lair:2-3    Spider: Lair:2-3
    Orc: D:9-12

Altars:
Ashenzari
Cheibriados
Dithmenos
Elyvilon
Gozag
Hepliaklqana
Makhleb
Nemelex Xobeh
Okawaru
Qazlal
Ru
Trog
Uskayaw
Xom
Yredelemnul
Zin
The Shining One

Shops:
D:2 *??(   D:4 [   D:5 :   D:9 [

Annotations:
D:3 Crazy Yiuf
Lair:2 3 runed translucent doors, coldfrog's ghost, journeyman DrFE


Innate Abilities, Weirdness & Mutations

Your life essence is reduced to manifest your ancestor. (-10% HP)
You are immune to sickness and miasma.
You are immune to poison.
Your flesh is very heat resistant. (rF++)
You are vulnerable to cold. (rC-)
You float through the air rather than walking.
You learn spells naturally, not from books.
Your magical power is your life essence.
You have superior vitality. (+4 MHP)


Message History

* * * LOW HITPOINT WARNING * * *
The nine-headed hydra bites you but does no damage. x2
The nine-headed hydra bites you.
* * * LOW HITPOINT WARNING * * *
You block the nine-headed hydra's attack. x2
The nine-headed hydra bites you but does no damage.
As you read the scroll of teleportation, it crumbles to dust.
You feel strangely unstable. The nine-headed hydra bites you!
* * * LOW HITPOINT WARNING * * *
The nine-headed hydra bites you but does no damage.
The nine-headed hydra bites you.
* * * LOW HITPOINT WARNING * * *
The nine-headed hydra bites you!
* * * LOW HITPOINT WARNING * * *
The nine-headed hydra bites you but does no damage.
The nine-headed hydra barely misses you.
You block the nine-headed hydra's attack.
The nine-headed hydra bites you but does no damage.
The nine-headed hydra bites you.
* * * LOW HITPOINT WARNING * * *
Okay, then.
Okay, then.
Okay, then.
Really quaff the potion of lignification?
Okay, then.
Aiming: Charm
Press: ? - help, Shift-Dir - straight line, f/p - nine-headed hydra
Aim: a nine-headed hydra (thin mist, severely wounded, chance to affect: 29%)
Okay, then.
Aiming: Corrosive Bolt
Press: ? - help, Shift-Dir - straight line, f/p - nine-headed hydra
Aim: a nine-headed hydra (thin mist, severely wounded, 91% to hit)
Okay, then.
Aiming: Corrosive Bolt
Press: ? - help, Shift-Dir - straight line, f/p - nine-headed hydra
Aim: a nine-headed hydra (thin mist, severely wounded, 91% to hit)
The bolt of acid hits the nine-headed hydra!
The nine-headed hydra is almost dead.
The nine-headed hydra bites you.
You die...

.)...y.y..# ........†##
#.. ..## ##
..........#.(.[†
†..##..
........†#...+.. ...#..
.........+...#.. ..+..
.....>....#.#.!. ...#
.........#####.....#
#P.....##.# #.+§.#
......## ## #@.#
...#.### ##D+## #
.......######
#.$..###.#
.......#..P#.##....+..#
....†.........#.....#
.......###PP#.......#
.......# ####....##
.......# ♣.P##....#
.......# =..W#....#


You could see a nine-headed hydra.

Vanquished Creatures
  A hydra (Lair:1)
  A centaur warrior (D:9)
  A two-headed ogre (D:10)
  A wizard (D:9)
  2 black mambas (Lair:1)
  A rime drake (Lair:2)
  Maggie (D:9)
  A kobold demonologist (D:9)
  A hornet (D:9)
  A blink frog (Lair:1)
  A jumping spider (shapeshifter) (D:9)
  A shadow (D:8)
  9 yaks
  A steam dragon (D:9)
  An acid dragon (D:11)
  Edmund (D:6)
  Menkaure (D:6)
  Duvessa (D:4)
  5 water moccasins
  2 orc warriors
  An ice beast (D:6)
  A black bear (D:5)
  An ogre (D:4)
  A centaur (D:8)
  2 kobold brigands
  A bullfrog (D:6)
  3 necrophages (D:5)
  3 scorpions
  3 wights (D:6)
  Dowan (D:4)
  21 killer bees
  4 howler monkeys
  5 hounds
  4 orc priests
  A gnoll bouda (D:9)
  2 iguanas
  Natasha (thrice) (D:3)
  4 orc wizards
  Robin (D:3)
  9 adders
  A shadow imp (D:5)
  An ufetubus (D:5)
  A dart slug (D:1)
  12 orcs
  4 bats (D:1)
  9 endoplasms
  A giant cockroach (D:2)
  19 goblins
  9 hobgoblins
  5 jackals
  5 quokkas
  3 ball pythons
  9 frilled lizards
  6 kobolds
  6 rats
196 creatures vanquished.

Vanquished Creatures (collateral kills)
  A boulder beetle (Lair:1)
  3 two-headed ogres
  A centaur warrior (D:9)
  A death yak (Lair:1)
  A cyclops (D:11)
  A manticore (D:11)
  Maurice (D:9)
  A kobold demonologist (D:9)
  A cane toad (Lair:2)
  2 komodo dragons
  A queen bee (Lair:2)
  3 trolls
  A polar bear (Lair:1)
  Prince Ribbit (D:6)
  A slime creature (D:9)
  2 blink frogs (Lair:1)
  2 wraiths
  2 basilisks (Lair:1)
  2 wyverns
  5 yaks
  3 vampire mosquitoes (D:11)
  6 water moccasins
  A sky beast (D:8)
  6 orc warriors
  An ogre (D:6)
  A centaur (D:8)
  2 kobold brigands (D:7)
  7 bullfrogs
  A wight (D:9)
  23 killer bees
  A howler monkey (D:10)
  A jelly (D:7)
  A hound (D:7)
  5 orc priests
  3 orc wizards
  4 gnolls (D:9)
  An adder (D:6)
  2 shadow imps
  A white imp (D:6)
  5 orcs
  A hobgoblin (D:1)
  A kobold (D:7)
110 creatures vanquished.

Vanquished Creatures (others)
  A centaur (D:9)
  2 killer bees (Lair:2)
  7 battlemagi
  60 fungi
  66 plants
  10 toadstools (D:7)
146 creatures vanquished.

Grand Total: 452 creatures vanquished

Notes
Turn   | Place    | Note
-------+----------+-------------------------------------------
     0 | D:1      | tkbsonic5 the Djinni Necromancer began the quest for the
                  | Orb.
     0 | D:1      | tkbsonic5 set off with the following spells memorised:
                  | Necrotise, Vampiric Draining, Animate Dead, Agony.
     0 | D:1      | Reached XP level 1. HP: 15/15 MP: 0/0
   170 | D:1      | Reached XP level 2. HP: 18/22 MP: 0/0
   175 | D:1      | Reached skill level 1 in Fighting
   586 | D:1      | Reached XP level 3. HP: 13/27 MP: 0/0
   586 | D:1      | Learned a level 1 spell: Beastly Appendage
  1423 | D:2      | Reached XP level 4. HP: 17/33 MP: 0/0
  1618 | D:2      | Identified the +7 hand axe of Might {protect, Will+ Int+4}
  1859 | D:2      | Found Fyosym's Magic Scroll Shoppe.
  1874 | D:2      | Bought a scroll of identify for 20 gold pieces
  1883 | D:2      | Found Coylulei's Assorted Antiques.
  2006 | D:2      | Found Hifuze's Antique Weapon Shop.
  2051 | D:2      | Found Ubakhlyma's Magic Scroll Boutique.
  2061 | D:2      | Reached skill level 2 in Fighting
  2063 | D:2      | Bought a scroll of identify for 24 gold pieces
  2145 | D:2      | Found a glowing golden altar of the Shining One.
  2171 | D:3      | Noticed Robin
  2171 | D:3      | Noticed Natasha
  2189 | D:3      | Killed Natasha
  2190 | D:3      | Reached XP level 5. HP: 37/38 MP: 0/0
  2190 | D:3      | Learned a level 2 spell: Wereblood
  2192 | D:3      | Killed Robin
  2193 | D:3      | Reached skill level 1 in Axes
  2193 | D:3      | Reached skill level 1 in Armour
  2294 | D:3      | Noticed Natasha
  2307 | D:3      | Killed Natasha
  2308 | D:3      | Reached skill level 1 in Shields
  2308 | D:3      | Reached skill level 1 in Evocations
  2505 | D:3      | Found a faded altar of an unknown god.
  2662 | D:3      | Found a runed translucent door.
  2664 | D:3      | Noticed Crazy Yiuf
  2723 | D:3      | Noticed Natasha
  2730 | D:3      | Killed Natasha
  2731 | D:3      | Reached XP level 6. HP: 28/45 MP: 0/0
  2889 | D:4      | Found a staircase to the Ecumenical Temple.
  2902 | Temple   | Entered the Ecumenical Temple
  3007 | Temple   | Became a worshipper of Hepliaklqana the Forgotten
  3213 | D:4      | Noticed an ogre
  3219 | D:4      | Killed an ogre
  3220 | D:4      | Reached skill level 3 in Fighting
  3432 | D:4      | Reached XP level 7. HP: 50/50 MP: 0/0
  3432 | D:4      | Learned a level 3 spell: Teleport Other
  3491 | D:4      | Noticed Dowan
  3492 | D:4      | Noticed Duvessa
  3509 | D:4      | Killed Duvessa
  3514 | D:4      | Killed Dowan
  3672 | D:4      | Found Kexzaj's Antique Armour Boutique.
  3796 | D:5      | Entered Level 5 of the Dungeon
  3928 | D:5      | Noticed a water moccasin
  3944 | D:5      | Killed a water moccasin
  4154 | D:5      | Found Kucsorgh's Book Boutique.
  4228 | D:5      | Reached XP level 8. HP: 58/58 MP: 0/0
  4246 | D:5      | Reached skill level 4 in Fighting
  4339 | D:5      | Identified the +1 plate armour of Plasticity {rElec}
  4507 | D:5      | Found a snail-covered altar of Cheibriados.
  4511 | D:5      | Found a bloodstained altar of Trog.
  4511 | D:5      | Found an opulent altar of Gozag.
  4512 | D:5      | Reached * piety under Hepliaklqana
  4512 | D:5      | Found a shadowy altar of Dithmenos.
  4998 | D:6      | Noticed Menkaure
  5003 | D:6      | Killed Menkaure
  5167 | D:6      | Noticed Edmund
  5184 | D:6      | Killed Edmund
  5185 | D:6      | Reached XP level 9. HP: 55/57 MP: 0/0
  5185 | D:6      | Learned a level 4 spell: Summon Ice Beast
  5211 | D:6      | Reached skill level 5 in Fighting
  5245 | D:6      | Found a basalt altar of Yredelemnul.
  5322 | D:6      | Noticed Prince Ribbit
  5332 | D:6      | Killed Prince Ribbit
  5685 | D:6      | Reached skill level 5 in Armour
  5883 | D:7      | Identified the +8 rapier "Killer Bee's Death" {flame, Str+4
                  | Dex+6}
  5892 | D:7      | Reached ** piety under Hepliaklqana
  5893 | D:7      | Reached skill level 5 in Shields
  5893 | D:7      | Remembered your ancestor Jiselle as a battlemage
  6015 | D:7      | Reached skill level 6 in Fighting
  6132 | D:7      | Reached XP level 10. HP: 36/64 MP: 0/0
  6465 | D:7      | Found a sparkling altar of Nemelex Xobeh.
  6762 | D:8      | Reached skill level 5 in Axes
  6762 | D:8      | Reached skill level 1 in Invocations
  6946 | D:8      | Noticed a two-headed ogre
  6951 | D:8      | Killed a two-headed ogre
  7375 | D:9      | Noticed Maggie
  7375 | D:9      | Noticed Maurice
  7377 | D:9      | Killed Maurice
  7380 | D:9      | Killed Maggie
  7385 | D:9      | Reached skill level 7 in Fighting
  7478 | D:9      | Reached XP level 11. HP: 57/71 MP: 0/0
  7478 | D:9      | Learned a level 4 spell: Summon Lightning Spire
  7496 | D:9      | Reached *** piety under Hepliaklqana
  7496 | D:9      | Found a staircase to the Lair.
  7609 | D:9      | Found Beskih's Armour Emporium.
  7974 | D:9      | Reached skill level 5 in Evocations
  8208 | D:9      | Noticed a two-headed ogre
  8214 | D:9      | Killed a two-headed ogre
  8435 | D:9      | Noticed a centaur warrior
  8437 | D:9      | Noticed a sun demon
  8440 | D:9      | Noticed a five-headed hydra
  8440 | D:9      | Noticed a cyclops
  8440 | D:9      | Noticed a cyan ugly thing
  8440 | D:9      | Noticed a catoblepas
  8440 | D:9      | Noticed a centaur warrior
  8444 | D:9      | Noticed a wizard
  8625 | D:9      | Killed a centaur warrior
  8626 | D:9      | Reached skill level 8 in Fighting
  8646 | D:9      | Reached skill level 5 in Invocations
  8667 | D:9      | Killed a wizard
  8695 | D:9      | Killed a centaur warrior
  8696 | D:9      | Reached XP level 12. HP: 48/79 MP: 0/0
  8837 | D:10     | Entered Level 10 of the Dungeon
  9157 | D:10     | Identified the +2 dagger of the Depths {flame, *Rage
                  | Will+++ Dex+3}
  9308 | D:10     | Noticed a two-headed ogre
  9313 | D:10     | Killed a two-headed ogre
  9323 | D:10     | Reached skill level 1 in Short Blades
  9721 | D:11     | Reached **** piety under Hepliaklqana
 10325 | D:11     | Noticed a two-headed ogre
 10338 | D:11     | Killed a two-headed ogre
 10602 | Lair:1   | Entered Level 1 of the Lair of Beasts
 10680 | Lair:1   | Noticed a seven-headed hydra
 10923 | Lair:1   | Killed a seven-headed hydra
 10924 | Lair:1   | Reached skill level 9 in Fighting
 11001 | Lair:1   | Reached skill level 1 in Ranged Weapons
 11241 | Lair:1   | Noticed a boulder beetle
 11252 | Lair:1   | Killed a boulder beetle
 11450 | Lair:2   | Noticed a death yak
 11450 | Lair:2   | Noticed a death yak
 11450 | Lair:2   | Noticed a death yak
 11462 | Lair:1   | Killed a death yak
 11463 | Lair:1   | Reached XP level 13. HP: 69/84 MP: 0/0
 11463 | Lair:1   | Learned a level 5 spell: Borgnjor's Vile Clutch
 11846 | Lair:2   | Reached skill level 5 in Dodging
 11856 | Lair:2   | Noticed an eight-headed hydra
 11877 | Lair:2   | Noticed an ice dragon
 11887 | Lair:2   | Found a runed translucent gate.
 11887 | Lair:2   | Found a runed translucent gate.
 11887 | Lair:2   | Found a runed translucent gate.
 11887 | Lair:2   | Noticed coldfrog's ghost (journeyman DrFE)
 11887 | Lair:2   | Noticed an 11-headed hydra
 11898 | Lair:2   | Noticed a ten-headed hydra
 12139 | Lair:2   | HP: 2/84 [nine-headed hydra (8)]
 12140 | Lair:2   | Slain by a nine-headed hydra

Illustrated notes

Levels and vault maps discovered:
D:1:      amcnicky_arrival_blooded_trapdoor, layout_basic,
          chequers_serial_rivers_large_a, minmay_unequal
D:2:      layout_basic, serial_shops, nicolae_shop_waterfront, shop, shop,
          shop_statue, basic_altar, minmay_lizard_king
D:3:      layout_basic, ebering_ecumenical_altar_box, uniq_robin, uniq_natasha,
          uniq_crazy_yiuf_cottage
D:4:      layout_loops_ring, minmay_temple_entry_slanted, serial_shops,
          kennysheep_mini_moat, chequers_hall_statues_corner_a, uniq_duvessa
D:5:      layout_basic, grunt_temple_overflow_open, serial_shops,
          nicolae_shop_competitors_out_of_business
D:6:      layout_basic, amcnicky_altar_gilded, uniq_menkaure,
          uniq_prince_ribbit1, uniq_edmund
D:7:      cheibrodos_fertilizer, layout_cave_pools, nemelex_diamond_rough_becter
D:8:      layout_loops_ring, hangedman_decor_riveting
D:9:      layout_loops_cross, due_lair_maze_entry_diamond, enter_bailey_8,
          serial_shops, shop, minmay_the_grid_2x2 [minmay_the_grid_rooms,
          minmay_the_grid_paths, minmay_the_grid_tri_star,
          minmay_the_grid_prize_big_room], uniq_maggie, uniq_maurice
D:10:     layout_gridville
D:11:     layout_irregular_city, amcnicky_mini_pool_small
Temple:   compressed_dpeg_triangle_lava_temple
Lair:1:   layout_misc_corridors, serial_rivers, chequers_serial_rivers_micro_d,
          chequers_serial_rivers_micro_d, chequers_serial_rivers_room_b,
          chequers_serial_rivers_room_b
Lair:2:   layout_roguey [special_room_bee],
          hellmonk_spider_entry_life_and_decay, gammafunk_ghost_hydra_chop,
          nicolae_volcano_entry_two_sided, ice2_lemuel, uniq_amaemon

Skill      XL: |  1  2  3  4  5  6  7  8  9 10 11 12 13 |
---------------+----------------------------------------+-----
Fighting       | 1 2 3 4 6 7 8 9 |  9.4
Axes           | 1 2 3 4 5 6 7 |  7.8
Armour         | 1 2 3 4 5 6 7 8 |  8.7
Shields        | 1 2 4 5 6 7 8 |  8.6
Evocations     | 1 2 3 4 5 6 |  6.3
Invocations    | 3 5 6 |  6.4
Dodging        | 3 4 5 |  5.1
Short Blades   | 3 |  3.7
Ranged Weapons | 1 2 |  2.5
Stealth        | |  1.5
Spellcasting   | |  3.7

Action                   |  1- 3 |  4- 6 |  7- 9 | 10-12 | 13-15 || total
-------------------------+-------+-------+-------+-------+-------++-------
Melee: Hand axe          |       |   124 |   203 |   359 |    56 ||   742
       Rapier            |       |       |       |       |     7 ||     7
 Fire: Sling             |    11 |     4 |       |     2 |       ||    17
Throw: Dart              |       |       |       |     5 |     2 ||     7
 Cast: Necrotise         |    51 |     8 |       |       |       ||    59
       Vampiric Draining |     1 |       |       |       |       ||     1
Invok: Ancestor Identity |       |       |     2 |       |       ||     2
       Ancestor Life: Ba |       |       |     1 |       |       ||     1
       Transference      |       |       |       |     2 |     1 ||     3
       Idealise          |       |       |       |     2 |       ||     2
       Recall Ancestor   |       |       |       |     1 |       ||     1
Evoke: Wand              |       |     3 |    33 |    49 |     9 ||    94
  Use: Scroll            |     5 |     4 |     6 |    14 |     6 ||    35
       Potion            |       |     1 |     1 |    11 |     8 ||    21
 Stab: Invisible         |       |       |     3 |    12 |       ||    15
       Distracted        |       |       |     1 |     9 |       ||    10
Armor: Robe              |     4 |       |       |       |       ||     4
       Crystal plate arm |       |   141 |   256 |   477 |   145 ||  1019
Dodge: Dodged            |     9 |     6 |     8 |    30 |    25 ||    78
Block: Buckler           |       |    19 |    42 |   140 |    48 ||   249
